 Dungeon Crawl Stone Soup version 0.21-a0-348-ga060c75 (webtiles) character file.

35816 awesine the Cleaver (level 13, -6/101 HPs)
             Began as a Demonspawn Fighter on Oct 6, 2017.
             Was the Champion of Qazlal.
             Mangled by a vault guard
             ... wielding a +1 long sword
              (9 damage)
             ... on level 14 of the Dungeon.
             The game lasted 00:55:44 (14216 turns).

awesine the Cleaver (Demonspawn Fighter)           Turns: 14216, Time: 00:55:44

Health: -6/101     AC: 39    Str: 20    XL:     13   Next: 49%
Magic:  5/14       EV:  9    Int: 14    God:    Qazlal [******]
Gold:   697        SH: 22    Dex: 17    Spells: 0/12 levels left

rFire    . . .     SeeInvis .   h - +10 war axe "Yddetyv" {distort, Dex+4}
rCold    + . .     Gourm    .   c - +1 shield
rNeg     . . .     Faith    +   F - +1 shadow dragon scales
rPois    +         Spirit   .   R - +2 helmet
rElec    .         Reflect  .   e - +0 cloak
rCorr    .         Harm     .   a - +2 pair of gloves
MR       +....                  (no boots)
Stlth    +.........             i - amulet of faith
HPRegen  0.26/turn              l - +2 ring of intelligence
MPRegen  0.14/turn              t - +1 ring of protection

@: mighty, protected from physical damage, repel missiles
A: claws 2, thin metallic scales 2, clumsy 1, cold resistance 1, icemail, magic
resistance 1, poison resistance, spiny 2, weak 1, wild magic 1, freezing cloud
immunity
a: Upheaval, Elemental Force, Disaster Area, Renounce Religion


You were on level 14 of the Dungeon.
You worshipped Qazlal.
Qazlal was exalted by your worship.
You were not hungry.

You visited 3 branches of the dungeon, and saw 17 of its levels.

You collected 769 gold pieces.
You spent 72 gold pieces at shops.

Inventory:

Hand Weapons
 h - the +10 war axe "Yddetyv" (weapon) {distort, Dex+4}
   (You found it on level 4 of the Dungeon)

   It warps and distorts space around it.
   Unwielding it can cause banishment or high damage.
   It affects your dexterity (+4).
Armour
 a - a +2 pair of gloves (worn)
 c - a +1 shield (worn)
 e - a +0 cloak (worn)
 F - +1 shadow dragon scales (worn)
 R - a +2 helmet (worn)
Jewellery
 i - an amulet of faith (around neck)
 l - a +2 ring of intelligence (left hand)
 t - a +1 ring of protection (right hand)
Wands
 g - a wand of digging (11/24)
 j - a wand of disintegration (2/24)
 m - a wand of acid (5/15)
 p - a wand of random effects (13/48)
 q - a wand of polymorph (10/24)
 y - a wand of flame (24/48)
 I - a wand of paralysis (3/24)
Scrolls
 k - 7 scrolls of remove curse
 n - 2 scrolls of silence
 o - 6 scrolls of teleportation
 B - 2 scrolls of recharging
 D - 5 scrolls of identify
Potions
 z - 3 potions of agility
 C - 2 potions of flight
 E - 3 potions of magic
 H - 2 potions of curing
 M - a potion of haste
Books
 r - a book of Maledictions

   Spells                             Type                      Level
   a - Corona                         Hexes                        1
   b - Ensorcelled Hibernation        Hexes/Ice                    2
   c - Confuse                        Hexes                        3
   d - Tukima's Dance                 Hexes                        3
   e - Dazzling Spray                 Conjuration/Hexes            3
 s - a book of Debilitation

   Spells                             Type                      Level
   a - Corona                         Hexes                        1
   b - Slow                           Hexes                        2
   c - Inner Flame                    Hexes/Fire                   3
   d - Portal Projectile              Hexes/Translocation          3
   e - Cause Fear                     Hexes                        4
   f - Leda's Liquefaction            Hexes/Earth                  4
 x - a book of Battle

   Spells                             Type                      Level
   a - Infusion                       Charms                       1
   b - Shroud of Golubria             Charms/Translocation         2
   c - Song of Slaying                Charms                       2
   d - Spectral Weapon                Hexes/Charms                 3
   e - Regeneration                   Charms/Necromancy            3
 G - a book of Conjurations

   Spells                             Type                      Level
   a - Magic Dart                     Conjuration                  1
   b - Searing Ray                    Conjuration                  2
   c - Dazzling Spray                 Conjuration/Hexes            3
   d - Fulminant Prism                Conjuration/Hexes            4
   e - Force Lance                    Conjuration/Translocation    4
   f - Iskenderun's Mystic Blast      Conjuration                  4
 Q - a book of Frost

   Spells                             Type                      Level
   a - Freeze                         Ice                          1
   b - Throw Frost                    Conjuration/Ice              2
   c - Ozocubu's Armour               Charms/Ice                   3
   d - Throw Icicle                   Conjuration/Ice              4
   e - Summon Ice Beast               Ice/Summoning                4
Miscellaneous
 L - a crystal ball of energy
 P - a phial of floods
Comestibles
 b - 6 meat rations
 f - 9 bread rations
 v - 12 fruits


   Skills:
 + Level 9.2 Fighting
 + Level 13.4 Axes
 + Level 8.4 Armour
 + Level 4.0 Dodging
 + Level 1.9 Stealth
 + Level 11.6 Shields
 + Level 1.4 Invocations
 + Level 1.1 Evocations


You couldn't memorise any spells.
You knew the following spells:

 Your Spells              Type           Power        Failure   Level  Hunger
a - Corona                Hex            #......      99%         1    ##.....
b - Ensorcelled Hibernat  Hex/Ice        #.....       99%         2    ###....
c - Confuse               Hex            #.......     100%        3    ####...
d - Shroud of Golubria    Chrm/Tloc      #.........   99%         2    ###....
e - Infusion              Chrm           #...         99%         1    ##.....
f - Magic Dart            Conj           #...         99%         1    ##.....
g - Song of Slaying       Chrm           #.......     99%         2    ###....


Dungeon Overview and Level Annotations

Branches:
Dungeon (14/15)            Temple (1/1) D:5            Lair (2/6) D:11
  Snake (0/4) Lair:2          Orc (0/2) D:12
  Swamp: Lair:2-4    Shoals: Lair:2-4    Vaults: D:13-14

Altars:
Ashenzari
Cheibriados
Dithmenos
Elyvilon
Fedhas
Gozag
Hepliaklqana
Kikubaaqudgha
Makhleb
Nemelex Xobeh
Okawaru
Qazlal
Ru
Sif Muna
Trog
Uskayaw
Vehumet
Wu Jian
Xom
Yredelemnul
Zin
The Shining One
Beogh

Shops:
D:9 (   D:13 [


Innate Abilities, Weirdness & Mutations

You have very sharp fingernails.
You are mostly covered in thin metallic scales. (AC +3)
Your flesh is cold resistant. (rC+)
A meltable icy envelope protects you from harm. (AC +10)
You are mostly covered in sharp spines.
You are immune to freezing clouds.
You are clumsy. (Dex -2)
You are resistant to hostile enchantments. (MR+)
Your system is resistant to poisons. (rPois)
You are weak. (Str -2)
Your spells are a little harder to cast, but a little more powerful.


Message History

Aim: a vault guard, wielding an enchanted long sword, wearing a plate armour and wearing a shield (moderately wounded, chance to defeat MR: 36%)
The vault guard easily resists.
This wand has 4 charges left.
You block the vault guard's attack. The human is struck by your spines.
The human hits you but does no damage.
Unknown command.
Evoke which item? (* to show all) (? for menu, Esc to quit)
Aiming: Disintegrate
Press: ? - help, Shift-Dir - straight line, f/p - vault guard
Aim: a vault guard, wielding an enchanted long sword, wearing a plate armour and wearing a shield (lightly wounded, chance to defeat MR: 36%)
The vault guard is blasted.
This wand has 3 charges left.
You block the vault guard's attack. The human is struck by your spines.
The human hits you but does no damage.
Evoke which item? (* to show all) (? for menu, Esc to quit)
Aiming: Disintegrate
Press: ? - help, Shift-Dir - straight line, f/p - vault guard
Aim: a vault guard, wielding an enchanted long sword, wearing a plate armour and wearing a shield (heavily wounded, chance to defeat MR: 36%)
The vault guard is blasted.
This wand has 2 charges left.
You block the human's attack.
The vault guard hits you with an enchanted long sword!
You die...

#.#..# ....'..
#.#....#
#..#.#..⌠..'..
#.......
#..#.#.....'.
#.#...##
#..#.#.....# #.#...#
....##'''## #.#...#
#..#.....# #.##.##
#..'§.§..# #. #.#
#..'§[pp.# #. #.#
#..(.§@).# #. #.#
##.#.§(§.# #.#
#((############ #.#
##.)...[........ #.#
###(.>†........###
#.#
.............####..#
#.#
########.....#### .#
#.# ###......# # #.#
######.##########.#


You could see a vault guard and a human.

Vanquished Creatures
  A vault guard (D:14)
  A centaur warrior (D:13)
  2 hydras
  A two-headed ogre (D:12)
  2 death yaks (D:13)
  4 wizards (D:14)
  A deep elf mage (D:14)
  An ugly thing (D:14)
  A manticore (D:12)
  2 cyclopes
  6 spiny frogs
  A gargoyle (D:11)
  A komodo dragon (Lair:1)
  A rime drake (Lair:2)
  2 trolls
  5 blink frogs
  6 hippogriffs
  A vampire (D:13)
  3 wyverns
  26 yaks
  3 shadows
  11 humans (D:14)
  2 basilisks
  A hungry ghost (D:12)
  2 nagas (Lair:2)
  2 acid dragons
  9 water moccasins
  5 porcupines (Lair:2)
  Duvessa (D:7)
  4 ice beasts
  7 orc warriors
  2 sky beasts
  3 ogres
  2 phantoms
  A hornet zombie (D:14)
  4 wolves (Lair:1)
  A black bear (D:11)
  13 centaurs
  2 big kobolds
  3 crocodiles
  11 bullfrogs
  A wyvern skeleton (D:13)
  A scorpion (D:9)
  A water moccasin zombie (D:5)
  Dowan (D:7)
  9 killer bees
  An electric eel (D:13)
  A howler monkey (D:4)
  A crimson imp (D:4)
  2 centaur zombies
  2 quasits
  4 bullfrog zombies
  7 hounds
  4 jellies
  11 orc priests
  A gnoll shaman (D:4)
  3 centaur skeletons
  2 iguanas
  19 orc wizards
  14 worker ants
  2 hound zombies
  A hound skeleton (D:4)
  2 worker ant zombies (D:10)
  13 adders
  11 gnolls
  2 shadow imps
  3 oozes
  An adder skeleton (D:9)
  2 worms
  A dart slug (D:1)
  3 leopard geckos
  44 orcs
  3 ball pythons
  3 giant cockroaches
  9 goblins
  7 hobgoblins
  6 jackals
  7 quokkas
  9 bats
  6 frilled lizards
  A jackal skeleton (D:6)
  7 kobolds
  A quokka skeleton (D:8)
  5 rats (D:1)
  4 fungi
395 creatures vanquished.

Vanquished Creatures (collateral kills)
  A vault guard (D:14)
  A hydra (D:13)
  A bullfrog (D:13)
3 creatures vanquished.

Vanquished Creatures (others)
  The ghost of ReploidZero the Fighter, a journeyman OgBe of Trog (D:11)
  The ghost of firebrand the Cleaver, a journeyman MiBe of Trog (D:10)
  A centaur warrior (D:13)
  2 death yaks (D:13)
  The ghost of firebrand the Chopper, a novice HOFi (D:5)
  A spiny frog (Lair:1)
  A centaur skeleton (D:14)
  A hornet (D:10)
  A blink frog (Lair:2)
  5 yaks
  A basilisk (Lair:2)
  2 humans (D:14)
  A steam dragon (D:10)
  An ice beast (D:10)
  A sky beast (D:14)
  A killer bee (D:10)
  A crimson imp (D:13)
  An orc wizard (D:10)
  A worker ant (D:13)
  A gnoll (D:8)
  A bush (Lair:2)
  2 plants
29 creatures vanquished.

Grand Total: 427 creatures vanquished

Notes
Turn   | Place    | Note
-------+----------+-------------------------------------------
     0 | D:1      | awesine the Demonspawn Fighter began the quest for the Orb.
     0 | D:1      | Reached XP level 1. HP: 18/18 MP: 1/1
   135 | D:1      | Gained mutation: Your flesh is cold resistant. (rC+) [demonic ancestry]
   135 | D:1      | Reached XP level 2. HP: 15/24 MP: 2/2
   312 | D:1      | Reached skill level 2 in Axes
   536 | D:1      | Reached XP level 3. HP: 29/29 MP: 3/3
   877 | D:2      | Found a stormy altar of Qazlal.
   904 | D:2      | Became a worshipper of Qazlal Stormbringer
  1207 | D:2      | Gained mutation: You have sharp fingernails. [demonic ancestry]
  1207 | D:2      | Reached XP level 4. HP: 32/35 MP: 4/4
  1258 | D:2      | Found a faded altar of an unknown god.
  2006 | D:3      | Reached skill level 3 in Axes
  2016 | D:3      | HP: 1/35 [poisoned by an adder]
  2365 | D:3      | Reached * piety under Qazlal
  2365 | D:3      | Gained mutation: You are partially covered in sharp spines. [demonic ancestry]
  2365 | D:3      | Reached XP level 5. HP: 33/41 MP: 5/5
  2489 | D:3      | Reached skill level 1 in Stealth
  2654 | D:4      | Reached skill level 1 in Dodging
  2662 | D:4      | Gained mutation: You have very sharp fingernails. [demonic ancestry]
  2662 | D:4      | Reached XP level 6. HP: 41/47 MP: 6/6
  2782 | D:4      | Reached skill level 4 in Axes
  3323 | D:4      | Gained mutation: You are partially covered in thin metallic scales. (AC +2) [demonic ancestry]
  3323 | D:4      | Reached XP level 7. HP: 37/53 MP: 7/7
  3774 | D:4      | Found a basalt altar of Yredelemnul.
  3789 | D:4      | Reached ** piety under Qazlal
  3874 | D:4      | Found a basalt altar of Yredelemnul.
  3875 | D:4      | Found a deep blue altar of Sif Muna.
  3875 | D:4      | Found a sparkling altar of Nemelex Xobeh.
  3876 | D:4      | Found an iron altar of Okawaru.
  3929 | D:4      | Got a translucent war axe
  3930 | D:4      | Identified the +10 war axe "Yddetyv" {distort, Dex+4} (You found it on level 4 of the Dungeon)
  3961 | D:5      | Entered Level 5 of the Dungeon
  4136 | D:5      | Reached skill level 5 in Axes
  4282 | D:5      | Noticed firebrand's ghost (novice HOFi)
  4397 | D:5      | Found a sacrificial altar of Ru.
  4641 | D:5      | Found a staircase to the Ecumenical Temple.
  4875 | D:6      | Reached XP level 8. HP: 61/61 MP: 8/8
  5146 | D:6      | Reached skill level 5 in Shields
  5168 | D:6      | Reached skill level 6 in Axes
  5355 | D:6      | Found a burning altar of Makhleb.
  5582 | D:7      | Noticed a hippogriff
  5589 | D:7      | Killed a hippogriff
  5589 | D:7      | Reached skill level 5 in Fighting
  5594 | D:7      | Learned a level 1 spell: Corona
  5597 | D:7      | Learned a level 2 spell: Ensorcelled Hibernation
  5601 | D:7      | Learned a level 3 spell: Confuse
  5693 | D:7      | Found a hazy altar of Hepliaklqana.
  5829 | D:7      | Noticed a hippogriff
  5839 | D:7      | Killed a hippogriff
  5839 | D:7      | Reached skill level 7 in Axes
  5839 | D:7      | Reached skill level 5 in Armour
  5853 | D:7      | Reached *** piety under Qazlal
  5853 | D:7      | Gained mutation: You are mostly covered in sharp spines. [demonic ancestry]
  5853 | D:7      | Reached XP level 9. HP: 68/68 MP: 9/9
  5960 | D:7      | Noticed Dowan
  5962 | D:7      | Noticed Duvessa
  5966 | D:7      | Killed Dowan
  6350 | D:8      | Reached skill level 8 in Axes
  6441 | D:8      | Learned a level 2 spell: Shroud of Golubria
  6490 | D:8      | Gained mutation: Your spells are a little harder to cast, but a little more powerful. [potion of mutation]
  6490 | D:8      | Gained mutation: You are weak. (Str -2) [potion of mutation]
  6490 | D:8      | Gained mutation: You tend to lose your temper in combat. [potion of mutation]
  6490 | D:8      | Gained mutation: You are mostly covered in thin metallic scales. (AC +3) [potion of mutation]
  6491 | D:8      | Lost mutation: You are mostly covered in thin metallic scales. (AC +3) [potion of mutation]
  6491 | D:8      | Lost mutation: You tend to lose your temper in combat. [potion of mutation]
  6491 | D:8      | Gained mutation: You are clumsy. (Dex -2) [potion of mutation]
  6491 | D:8      | Gained mutation: Your system is resistant to poisons. (rPois) [potion of mutation]
  6491 | D:8      | Gained mutation: You are resistant to hostile enchantments. (MR+) [potion of mutation]
  6530 | D:8      | Reached **** piety under Qazlal
  7046 | D:9      | Reached skill level 9 in Axes
  7046 | D:9      | Gained mutation: You are immune to freezing clouds. [demonic ancestry]
  7046 | D:9      | Reached XP level 10. HP: 69/76 MP: 10/10
  7074 | D:9      | Found a bloodstained altar of Trog.
  7109 | D:9      | Found a shadowy altar of Dithmenos.
  7109 | D:9      | Found Cuabadgh's Antique Weapon Shoppe.
  7306 | D:9      | Found a shimmering altar of Xom.
  7604 | D:9      | Found an ornate altar of the Wu Jian Council.
  7622 | D:9      | Learned a level 1 spell: Infusion
  7699 | D:7      | Killed Duvessa
  7756 | D:5      | Banished firebrand's ghost
  7775 | Temple   | Entered the Ecumenical Temple
  8158 | D:10     | Entered Level 10 of the Dungeon
  8177 | D:10     | Noticed firebrand's ghost (journeyman MiBe)
  8179 | D:10     | Banished firebrand's ghost
  8216 | D:10     | Reached ***** piety under Qazlal
  8493 | D:10     | Reached skill level 10 in Axes
  8523 | D:10     | Found a glowing golden altar of the Shining One.
  9037 | D:11     | Noticed ReploidZero's ghost (journeyman OgBe)
  9062 | D:11     | Gained mutation: You are mostly covered in thin metallic scales. (AC +3) [demonic ancestry]
  9062 | D:11     | Reached XP level 11. HP: 50/84 MP: 11/11
  9064 | D:11     | Banished ReploidZero's ghost
  9330 | D:11     | Found a staircase to the Lair.
  9619 | D:11     | Learned a level 1 spell: Magic Dart
  9813 | Lair:1   | Entered Level 1 of the Lair of Beasts
  9962 | Lair:1   | Reached skill level 11 in Axes
 10764 | Lair:2   | Noticed a six-headed hydra
 10774 | Lair:2   | Killed a nine-headed hydra
 10782 | Lair:2   | Reached ****** piety under Qazlal
 10834 | Lair:2   | Reached XP level 12. HP: 74/92 MP: 12/12
 10881 | Lair:2   | Reached skill level 10 in Shields
 10894 | Lair:2   | Reached skill level 12 in Axes
 11152 | Lair:2   | Found a staircase to the Snake Pit.
 11602 | D:12     | Noticed a two-headed ogre
 11661 | D:12     | Noticed a four-headed hydra
 11672 | D:12     | Killed an 11-headed hydra
 11952 | D:12     | Killed a two-headed ogre
 12027 | D:12     | Found a staircase to the Orcish Mines.
 12420 | D:13     | Noticed a seven-headed hydra
 12426 | D:13     | Noticed a centaur warrior
 12453 | D:13     | Banished a centaur warrior
 12502 | D:13     | Found a roughly hewn altar of Beogh.
 12563 | D:13     | Noticed a centaur warrior
 12572 | D:13     | Killed a centaur warrior
 12980 | D:13     | Found a shattered altar of Ashenzari.
 13007 | D:13     | Noticed a death yak
 13007 | D:13     | Noticed a death yak
 13007 | D:13     | Noticed a death yak
 13008 | D:13     | Noticed a death yak
 13014 | D:13     | Banished a death yak
 13016 | D:13     | Killed a death yak
 13017 | D:13     | Banished a death yak
 13054 | D:13     | Killed a death yak
 13054 | D:13     | Gained mutation: A meltable icy envelope protects you from harm. (AC +10) [demonic ancestry]
 13054 | D:13     | Reached XP level 13. HP: 66/100 MP: 13/13
 13097 | D:13     | Reached skill level 13 in Axes
 13499 | D:13     | Found Tebum's Armour Shoppe.
 13511 | D:13     | Learned a level 2 spell: Song of Slaying
 13515 | D:13     | Bought a +0 cloak for 72 gold pieces
 13943 | D:14     | Reached skill level 1 in Invocations
 14202 | D:14     | HP: 7/151 [vault guard/long sword (2)]
 14206 | D:14     | HP: 2/151 [human (3)]
 14209 | D:14     | Reached skill level 1 in Evocations
 14216 | D:14     | Mangled by a vault guard

Vault maps used:
D:1:      lightli_arrival_noodles, hangedman_decor_push
D:2:      chequers_ecumenical_altar_twisty, minmay_misc_feat_four_crosses,
          grunt_qazlal_clouds
D:3:      minmay_misc_feat_x
D:4:      chequers_temple_overflow_statue_of_worship, first_bread,
          cheibrodos_sewer_entry_bend, yredelemnul_altar_generic
D:5:      lemuel_round_altar, temple_statues
D:6:      lightli_temple_of_fire, grunt_decor_cap
D:7:      lemuel_doored_altar, uniq_duvessa
D:8:      blue_anna_alchemist, kennysheep_generic_room_2, uniq_maurice
D:9:      kennysheep_little_box, nicolae_overflow_hidden_temple,
          lemuel_round_altar, basic_altar, serial_shops, shop, minmay_checkerbox
D:10:     tso_metal_star
D:11:     lair_entry_dummy
D:12:     orc_0_dummy, kennysheep_small_circle
D:13:     argonaut_augean_stables, basic_altar, serial_shops,
          nicolae_shop_trees, david_defended_altar_orc
D:14:     grunt_vaults_entry_tiered, roderic_lattice_a
Temple:   minmay_temple_bridge_abc
Lair:1:   beast_lair_carwin_1
Lair:2:   guppyfry_snake_entry_garden, cheibrodos_lair_reptile_den

Skill      XL: |  1  2  3  4  5  6  7  8  9 10 11 12 13 |
---------------+----------------------------------------+-----
Shields        | 3 4 5 7 8 9 11 | 11.6
Axes           | 2 3 4 5 7 9 10 11 12 13 | 13.4
Armour         | 3 4 5 6 7 8 |  8.4
Stealth        | 1 |  1.9
Dodging        | 1 2 3 4 |  4.0
Fighting       | 4 5 6 7 8 9 |  9.2
Invocations    | 1 |  1.4
Evocations     | 1 |  1.1

Action                   |  1- 3 |  4- 6 |  7- 9 | 10-12 | 13-15 || total
-------------------------+-------+-------+-------+-------+-------++-------
Melee: War axe           |   124 |   170 |   226 |   398 |    86 ||  1004
 Cast: Magic Dart        |       |       |       |       |     1 ||     1
Invok: Upheaval          |       |       |       |       |     2 ||     2
       Elemental Force   |       |       |       |       |     2 ||     2
Evoke: Wand              |       |       |       |     2 |    20 ||    22
       Phial of floods   |       |       |       |     1 |       ||     1
  Use: Scroll            |       |     9 |     3 |    17 |     1 ||    30
       Potion            |       |     9 |     4 |    10 |     7 ||    30
  Eat: Chunk             |     1 |     3 |       |     2 |       ||     6
       Royal jelly       |       |     2 |     1 |     2 |     1 ||     6
       Bread ration      |       |       |     1 |       |       ||     1
       Meat ration       |       |       |     2 |       |       ||     2
       Fruit             |       |       |       |    17 |     1 ||    18
Armor: Scale mail        |    63 |       |       |       |       ||    63
       Chain mail        |       |   113 |    37 |       |       ||   150
       Plate armour      |       |       |    89 |    56 |       ||   145
       Shadow dragon sca |       |       |       |   118 |    77 ||   195
       Skin              |       |       |       |     3 |    15 ||    18
Dodge: Dodged            |    44 |    33 |    39 |    62 |    39 ||   217
       Deflected         |       |       |     2 |     6 |     4 ||    12
Block: Shield            |    77 |   113 |   181 |   479 |   167 ||  1017

Table legend:
 A = Spawn XP
 B = Non-spawn XP
 C = Spawn XP percentage of total XP
 D = Spawn monster count
 E = Non-spawn monster count
 F = Spawn count percentage of total count
 G = Total turns spent on level
                    A         B        C        D         E        F      G
               +---------+---------+-------+---------+---------+-------+---------
         Total |       0 |   51166 |   0.0 |       0 |     420 |   0.0 | 14216
               +---------+---------+-------+---------+---------+-------+---------
           D:1 |       0 |      65 |   0.0 |       0 |      32 |   0.0 |   875
           D:2 |       0 |      46 |   0.0 |       0 |      19 |   0.0 |   784
           D:3 |       0 |     165 |   0.0 |       0 |      13 |   0.0 |   985
           D:4 |       0 |     732 |   0.0 |       0 |      30 |   0.0 |  1317
           D:5 |       0 |     784 |   0.0 |       0 |      14 |   0.0 |   913
           D:6 |       0 |     538 |   0.0 |       0 |      18 |   0.0 |   725
           D:7 |       0 |    1139 |   0.0 |       0 |      12 |   0.0 |   697
           D:8 |       0 |    2193 |   0.0 |       0 |      38 |   0.0 |   864
           D:9 |       0 |    1223 |   0.0 |       0 |      23 |   0.0 |   717
          D:10 |       0 |    3646 |   0.0 |       0 |      39 |   0.0 |   774
          D:11 |       0 |    3275 |   0.0 |       0 |      28 |   0.0 |   893
          D:12 |       0 |    4194 |   0.0 |       0 |      18 |   0.0 |   998
          D:13 |       0 |   10356 |   0.0 |       0 |      45 |   0.0 |  1468
          D:14 |       0 |   10828 |   0.0 |       0 |      36 |   0.0 |   328
        Lair:1 |       0 |    5562 |   0.0 |       0 |      23 |   0.0 |   962
        Lair:2 |       0 |    6420 |   0.0 |       0 |      32 |   0.0 |   635
               +---------+---------+-------+---------+---------+-------+---------
